 Dungeon Crawl Stone Soup version 0.27.0-1-g7a089689b8 (webtiles) character file.

Game seed: 234341485643014580

29015 pkoi the Basher (level 13, -3/92 HPs)
             Began as a Minotaur Fighter on Aug 4, 2021.
             Was a Priest of the Shining One.
             Slain by a chaos spawn (5 damage)
             ... on level 2 of the Abyss.
             The game lasted 00:13:55 (15591 turns).

pkoi the Basher (Minotaur Fighter)                 Turns: 15591, Time: 00:13:56

Health: -3/92      AC: 15    Str: 25 (26) XL:     13   Next: 12%
Magic:  8/8        EV: 11    Int: -1 (1)  God:    the Shining One [***...]
Gold:   1242       SH: 12    Dex:  6      Spells: 11/12 levels left

rFire    . . .     SeeInvis .   a - +1 flail (protect)
rCold    . . .     Faith    .   c - +0 kite shield
rNeg     + . .     Spirit   .   j - +0 scale mail
rPois    .         Reflect  .   (helmet restricted)
rElec    .         Harm     .   J - +2 cloak
rCorr    .         Rampage  .   (no gloves)
Will     .....     Rnd*Rage +   x - +1 pair of boots Stlth ..........Rnd*Tele +
                                G - amulet of the acrobat
HPRegen  0.25/turn              s - +4 ring of slaying
MPRegen  0.11/turn              t - +4 ring of protection

@: unable to read, on berserk cooldown, slowed, lost intelligence, glowing, very
slow
A: horns 2, retaliatory headbutt, [berserk 3], [clumsy 2], [deformed body],
[deterioration 2], [dopey 2], [frail 2], [low mp 3], [screaming 2],
[teleportitis 2], [no potion heal 2], [inability to read while threatened]
a: Renounce Religion, Divine Shield


You were on level 2 of the Abyss.
You worshipped the Shining One.
The Shining One was most pleased with you.
You visited 2 branches of the dungeon, and saw 14 of its levels.
You visited the Abyss 1 time.

You collected 1242 gold pieces.

Inventory:

Hand Weapons
 a - a +1 flail of protection (weapon)
 b - a +0 hand crossbow
Missiles
 k - 99 bolts
 o - 4 throwing nets (quivered)
Armour
 c - a +0 kite shield (worn)
 j - a +0 scale mail (worn)
 x - a +1 pair of boots (worn)
 J - a +2 cloak (worn)
Jewellery
 s - a +4 ring of slaying (left hand)
 t - a +4 ring of protection (right hand)
 G - an amulet of the acrobat (around neck)
 K - a ring of flight
 L - a ring of protection from cold
 M - an amulet of faith
 O - a ring of fire
 P - a ring of fire
 Q - an amulet of regeneration
Wands
 r - a wand of polymorph (13)
 y - a wand of iceblast (12)
 B - a wand of paralysis (5)
 D - a wand of charming (6)
 F - a wand of flame (31)
Scrolls
 e - 3 scrolls of enchant weapon
 f - 4 scrolls of fog
 g - a scroll of brand weapon
 m - 2 scrolls of identify
 p - 7 scrolls of teleportation
 v - 2 scrolls of blinking
 w - a scroll of enchant armour
 E - a scroll of amnesia
 H - 2 scrolls of magic mapping
 R - a scroll of immolation {unknown}
Potions
 d - 4 potions of might
 h - 3 potions of curing
 i - 2 potions of flight
 l - 3 potions of haste
 n - 2 potions of mutation {unknown}
 q - a potion of attraction
 u - 4 potions of lignification
 z - a potion of cancellation
 A - 2 potions of brilliance {unknown}
 C - 2 potions of magic {unknown}
 I - 2 potions of invisibility {unknown}
 N - 2 potions of ambrosia {unknown}
Miscellaneous
 S - a phantom mirror


   Skills:
 + Level 10.9 Fighting
 * Level 14.2 Maces & Flails
 + Level 9.1 Crossbows
 + Level 10.8 Armour
 + Level 9.3 Dodging
 + Level 10.9 Shields


You had 11 spell levels left.
You knew the following spells:

 Your Spells              Type           Power      Damage    Failure   Level
a - Apportation           Tloc           0%         N/A       95%         1

Your spell library contained the following spells:

 Spells                   Type           Power      Damage    Failure   Level
 Animate Skeleton         Necr           0%         N/A       95%         1
 Corona                   Hex            0%         N/A       95%         1
 Summon Small Mammal      Summ           0%         N/A       95%         1
 Blink                    Tloc           N/A        N/A       98%         2
 Ensorcelled Hibernation  Hex/Ice        0%         N/A       98%         2
 Slow                     Hex            0%         N/A       98%         2
 Static Discharge         Conj/Air       0%         N/A       98%         2
 Sublimation of Blood     Necr           0%         N/A       98%         2
 Wereblood                Tmut           0%         N/A       98%         2
 Confusing Touch          Hex            0%         N/A       100%        3
 Frozen Ramparts          Ice            0%         1d2       100%        3
 Ignite Poison            Fire/Tmut/Pois 0%         N/A       100%        3
 Mephitic Cloud           Conj/Pois/Air  0%         N/A       100%        3
 Spider Form              Tmut/Pois      0%         N/A       100%        3
 Summon Guardian Golem    Hex/Summ       0%         N/A       100%        3
 Vampiric Draining        Necr           0%         2d6       100%        3
 Dispel Undead            Necr           0%         3d6       100%        4
 Ice Form                 Ice/Tmut       0%         N/A       100%        4
 Petrify                  Tmut/Erth      0%         N/A       100%        4
 Sticky Flame             Conj/Fire      0%         2d3       100%        4
 Summon Ice Beast         Ice/Summ       0%         N/A       100%        4
 Bolt of Magma            Conj/Fire/Erth 0%         4d4       100%        5
 Irradiate                Conj/Tmut      0%         3d13      100%        5
 Manifold Assault         Tloc           0%         N/A       100%        5
 Shadow Creatures         Summ           N/A        N/A       100%        6
 Orb of Destruction       Conj           0%         N/A       100%        7
 Spellforged Servitor     Conj/Summ      0%         N/A       100%        7
 Storm Form               Tmut/Air       0%         N/A       100%        7
 Summon Hydra             Summ           0%         N/A       100%        7


Dungeon Overview and Level Annotations

Branches:
Dungeon (13/15)            Temple (1/1) D:7            Lair (0/6) D:11
    Orc (0/2) D:10         Vaults (0/5) D:13

Altars:
Ashenzari
Cheibriados
Dithmenos
Elyvilon
Fedhas
Gozag
Hepliaklqana
Kikubaaqudgha
Makhleb
Nemelex Xobeh
Okawaru
Qazlal
Ru
Sif Muna
Trog
Uskayaw
Vehumet
Wu Jian
Xom
Yredelemnul
Zin
The Shining One
Beogh

Shops:
D:2 (   D:4 =

Annotations:
D:10 1 runed translucent door, h3lee's ghost, novice MiBe


Innate Abilities, Weirdness & Mutations

You have a pair of horns on your head.
You reflexively headbutt those who attack you in melee.
[You have an uncontrollable temper.]
[You are very clumsy. (Dex -4)]
[Armour fits poorly on your strangely shaped body.]
[Your body often deteriorates upon taking damage.]
[You are very dopey. (Int -4)]
[You are very frail. (-20% HP)]
[Your magical capacity is extremely low. (-30% MP)]
[You frequently scream uncontrollably at your foes.]
[You are sometimes teleported next to monsters.]
[Potions cannot restore your health.]
[You sometimes lose the ability to read scrolls when taking damage.]


Message History

You sock the ufetubus!
You kill the ufetubus!
The substance of the Abyss twists violently, and a gateway leading out appears!
You block the ufetubus's attack.
The ufetubus hits you but does no damage.
The ynoxinul gestures at you. You block the iron shot. The ufetubus hits you.
* * * LOW HITPOINT WARNING * * *
You block the ufetubus's attack.
You bludgeon the ufetubus!!
You kill the ufetubus!
The ufetubus misses you. You furiously retaliate!
You headbutt the ufetubus!!
You kill the ufetubus!
The ufetubus hits you but does no damage.
The ufetubus misses you.
Unknown command.
You bludgeon the ynoxinul!!
You kill the ynoxinul!
The Shining One accepts your kill.
You feel better.
You feel your power returning.
The ufetubus disappears in a puff of smoke! x2
Unknown command.
You feel a strong urge to attack something.
You can read scrolls again.
You feel your anger nearly subside.
You are no longer berserk.
You are exhausted.
You feel yourself slow down.
k - 99 bolts (gained 2)
A large abomination comes into view.
A chaos spawn comes into view.
The chaos spawn gives a chilling moan.
There is a gateway leading out of the Abyss here.
The large abomination hits you!!
You feel threatened and lose the ability to read scrolls!
The Shining One protects you from harm! The large abomination hits you!
* * * LOW HITPOINT WARNING * * *
Your body deteriorates!
You feel dopey. The chaos spawn gores you.
You die...

#.# . . . #
#.####.## .
##.#....... .
#...# .8 .
#..###..# #....
# #..######. ⌠
#4X....... 8
......#@######.
.. .......## .
######. ##


You could see a large abomination and a chaos spawn.

Vanquished Creatures
  Gastronok (D:11)
  A tentacled starspawn (Abyss:2)
  Snorg (D:10)
  A blizzard demon (Abyss:2)
  2 boulder beetles
  A centaur warrior (D:13)
  5 two-headed ogres
  A wretched star (Abyss:2)
  2 titan skeletons (Abyss:2)
  2 deep elf pyromancers
  A mana viper (Abyss:2)
  An ugly thing (D:13)
  3 cyclopes
  3 manticores
  2 unseen horrors
  2 kobold demonologists (D:12)
  4 trolls
  Prince Ribbit (D:5)
  12 slime creatures (D:12)
  A vampire (D:13)
  2 wraiths
  A wyvern (D:8)
  A ynoxinul (Abyss:2)
  20 yaks
  A basilisk (D:11)
  2 fire bats (Abyss:2)
  A steam dragon (D:7)
  2 wargs (D:11)
  2 small abominations (Abyss:2)
  7 orc warriors
  2 black bears
  A sky beast (D:7)
  A necrophage (D:6)
  An ogre (D:5)
  8 centaurs
  2 kobold brigands (D:12)
  3 bullfrogs
  5 scorpions
  2 water moccasin zombies
  A water moccasin skeleton (D:5)
  5 killer bees (D:10)
  18 wights
  2 howler monkeys (D:10)
  3 centaur skeletons
  A hound (D:4)
  3 orc priests
  A bullfrog zombie (D:5)
  A gnoll shaman (D:7)
  A jelly (D:5)
  An iron imp (Abyss:2)
  4 iguanas
  13 orc wizards
  6 adders
  12 gnolls
  A white imp (D:6)
  An ufetubus (D:5)
  3 worms
  4 dart slugs
  51 orcs
  8 ball pythons
  9 bats
  9 endoplasms
  6 giant cockroaches
  9 goblins
  8 hobgoblins
  12 jackals
  3 quokkas
  2 frilled lizards
  7 kobolds
  3 rats
319 creatures vanquished.

Vanquished Creatures (others)
  2 golden eyes (Abyss:2)
  A plant (D:11)
  2 starspawn tentacles (Abyss:2)
5 creatures vanquished.

Grand Total: 324 creatures vanquished

Notes
Turn   | Place    | Note
-------+----------+-------------------------------------------
     0 | D:1      | pkoi the Minotaur Fighter began the quest for the Orb.
     0 | D:1      | Reached XP level 1. HP: 19/19 MP: 0/0
   103 | D:1      | Reached skill level 3 in Maces & Flails
   103 | D:1      | Reached XP level 2. HP: 27/27 MP: 1/1
   839 | D:1      | Reached XP level 3. HP: 33/33 MP: 2/2
  1173 | D:2      | Reached skill level 1 in Dodging
  1534 | D:2      | Found Guseac's Weapon Boutique.
  2269 | D:3      | Reached XP level 4. HP: 40/40 MP: 3/3
  2651 | D:3      | Reached skill level 4 in Maces & Flails
  2961 | D:4      | Reached XP level 5. HP: 41/47 MP: 4/4
  3057 | D:4      | Noticed a black bear
  3066 | D:4      | Killed a black bear
  3097 | D:4      | Found Lawalen's Jewellery Shoppe.
  3137 | D:4      | Reached XP level 6. HP: 50/53 MP: 5/5
  3145 | D:4      | Reached skill level 1 in Crossbows
  3285 | D:4      | Reached skill level 5 in Maces & Flails
  4225 | D:5      | Entered Level 5 of the Dungeon
  4302 | D:5      | Reached skill level 5 in Shields
  4311 | D:5      | Reached skill level 5 in Fighting
  4311 | D:5      | Reached skill level 5 in Armour
  4311 | D:5      | Reached XP level 7. HP: 43/61 MP: 6/6
  4461 | D:5      | Reached skill level 6 in Maces & Flails
  4900 | D:5      | Noticed Prince Ribbit
  4914 | D:5      | Killed Prince Ribbit
  4915 | D:5      | Reached XP level 8. HP: 63/69 MP: 7/7
  5461 | D:6      | Found a glowing golden altar of the Shining One.
  5523 | D:6      | Reached skill level 7 in Maces & Flails
  5570 | D:6      | Noticed a two-headed ogre
  5582 | D:6      | Killed a two-headed ogre
  5583 | D:6      | Reached skill level 8 in Maces & Flails
  5935 | D:6      | Noticed a manticore
  5940 | D:6      | Killed a manticore
  5941 | D:6      | Reached XP level 9. HP: 68/78 MP: 8/8
  6900 | D:7      | Reached skill level 5 in Dodging
  6957 | D:7      | Found a shadowy altar of Dithmenos.
  6988 | D:7      | Reached skill level 9 in Maces & Flails
  7137 | D:7      | Found a staircase to the Ecumenical Temple.
  7149 | Temple   | Entered the Ecumenical Temple
  7422 | D:7      | Reached skill level 5 in Crossbows
  8069 | D:6      | Became a worshipper of the Shining One
  8190 | D:8      | Reached XP level 10. HP: 86/86 MP: 9/9
  8274 | D:8      | Found a shimmering altar of Xom.
  8275 | D:8      | Found a hazy altar of Hepliaklqana.
  8671 | D:9      | Reached skill level 10 in Maces & Flails
  8764 | D:9      | Noticed a two-headed ogre
  8773 | D:9      | Killed a two-headed ogre
  8866 | D:9      | Reached * piety under the Shining One
  9270 | D:9      | Noticed a two-headed ogre
  9278 | D:9      | Killed a two-headed ogre
  9885 | D:10     | Entered Level 10 of the Dungeon
  9885 | D:10     | Found a staircase to the Orcish Mines.
  9917 | D:10     | Reached skill level 11 in Maces & Flails
 10063 | D:10     | Found an iron altar of Okawaru.
 10092 | D:10     | Found a sacrificial altar of Ru.
 10148 | D:10     | Noticed Snorg
 10166 | D:10     | Killed Snorg
 10167 | D:10     | Reached XP level 11. HP: 31/95 MP: 10/10
 10435 | D:10     | Found a hide-covered altar of Uskayaw.
 10825 | D:10     | Found a runed translucent door.
 10825 | D:10     | Found a shimmering altar of Xom.
 10825 | D:10     | Noticed h3lee's ghost (novice MiBe)
 10825 | D:10     | Noticed a +5 trident of chaos
 11206 | D:11     | Reached ** piety under the Shining One
 11234 | D:11     | Noticed Gastronok
 11271 | D:11     | Killed Gastronok
 11272 | D:11     | Reached skill level 12 in Maces & Flails
 11561 | D:11     | Noticed a boulder beetle
 11588 | D:11     | Killed a boulder beetle
 11736 | D:11     | Found a staircase to the Lair.
 12458 | D:12     | Reached XP level 12. HP: 99/106 MP: 11/11
 12573 | D:12     | Noticed a boulder beetle
 12604 | D:12     | Killed a boulder beetle
 12957 | D:12     | Reached skill level 10 in Fighting
 12961 | D:12     | Reached skill level 13 in Maces & Flails
 13258 | D:12     | Reached skill level 10 in Armour
 13258 | D:12     | Reached skill level 10 in Shields
 14553 | D:13     | Reached *** piety under the Shining One
 14792 | D:13     | Noticed a centaur warrior
 14802 | D:13     | Killed a centaur warrior
 14935 | D:13     | Noticed a two-headed ogre
 14942 | D:13     | Killed a two-headed ogre
 15075 | D:13     | Found a gate to the Vaults.
 15075 | D:13     | Noticed a two-headed ogre
 15081 | D:13     | Killed a two-headed ogre
 15082 | D:13     | Cast into level 2 of the Abyss (a wizard)
 15094 | Abyss:2  | Noticed a starcursed mass
 15114 | Abyss:2  | Learned a level 1 spell: Apportation
 15285 | Abyss:2  | Found a corrupted altar of Lugonu.
 15482 | Abyss:2  | Noticed a tentacled starspawn
 15490 | Abyss:2  | Killed a tentacled starspawn
 15491 | Abyss:2  | Reached skill level 14 in Maces & Flails
 15491 | Abyss:2  | Reached XP level 13. HP: 59/115 MP: 12/12
 15535 | Abyss:2  | Noticed a blizzard demon
 15546 | Abyss:2  | Killed a blizzard demon
 15564 | Abyss:2  | Lost intelligence.
 15591 | Abyss:2  | The Shining One protects you from harm!
 15591 | Abyss:2  | HP: 2/92 [large abomination (17)]
 15591 | Abyss:2  | Slain by a chaos spawn

Illustrated notes

Levels and vault maps discovered:
D:1:      dpeg_arrival_pits, layout_basic, serial_co_window_serial,
          co_window_corner_a, co_window_cross_1, co_window_of_opportunity_a,
          co_window_corner_a, co_window_paths_b, co_window_corner_a,
          co_window_corner_a, co_window_of_opportunity_c, co_window_corner_cb,
          co_window_cross_4, co_window_4corner_b, glass_columns_a,
          glass_columns_b, minmay_tall_x
D:2:      layout_loops_corners, serial_shops, shop_coins
D:3:      layout_loops_ring
D:4:      layout_basic, minmay_shop_enchanted_jewellery
D:5:      layout_cave_pods, uniq_prince_ribbit1
D:6:      layout_basic, nicolae_tso_swordbearing_angel, minivault_27,
          sigmund_army
D:7:      layout_loops_ring, mainiacjoe_overflow_chevrons,
          minmay_temple_entry_statues_fountains, serial_glass, glass_columns_b,
          glass_columns_c, glass_columns_c, glass_columns_b, glass_columns_c,
          glass_columns_a
D:8:      layout_rooms, regret_index_temple_of_mockery, minmay_bent
D:9:      layout_roguey [special_room_orc], grunt_decor_fettered
D:10:     layout_roguey, nicolae_ru_great_annihilating_truth,
          lemuel_doored_altar, nicolae_uskayaw_suspiria, orc_0_dummy,
          ebering_ghost_xom, uniq_snorg
D:11:     layout_basic, erik_lair_orcish_takeover, uniq_gastronok
D:12:     layout_cave_pods
D:13:     layout_roguey, david_vaults_1
Temple:   regret_index_temple_generic_petals
Abyss:2:  base: D:7, kilobyte_mutagenic_chamber, hangedman_abyss_feature_spike

Skill      XL: |  1  2  3  4  5  6  7  8  9 10 11 12 |
---------------+-------------------------------------+-----
Maces & Flails | 3 4 5 6 8 9 11 12 14 | 14.2
Shields        | 4 5 6 7 8 9 10 | 10.9
Dodging        | 1 2 3 4 5 6 8 9 |  9.3
Armour         | 4 5 6 7 8 9 10 | 10.8
Fighting       | 4 5 6 7 8 9 10 | 10.9
Crossbows      | 2 3 4 5 6 7 9 |  9.1

Action                   |  1- 3 |  4- 6 |  7- 9 | 10-12 | 13-15 || total
-------------------------+-------+-------+-------+-------+-------++-------
Melee: Flail             |   104 |   122 |   149 |   556 |    24 ||   955
       Headbutt          |    19 |    23 |    28 |   140 |     3 ||   213
 Fire: Hand crossbow     |       |     3 |    56 |    35 |     4 ||    98
  Use: Scroll            |     5 |     3 |       |     7 |       ||    15
       Potion            |       |     1 |       |       |       ||     1
Armor: Scale mail        |    40 |    60 |    68 |   177 |     9 ||   354
Dodge: Dodged            |    37 |    36 |    55 |   212 |    11 ||   351
Block: Kite shield       |    54 |    72 |    89 |   304 |    17 ||   536
